 Dungeon Crawl Stone Soup version 0.23-a0-644-gb60d84b635 (webtiles) character file.

42 Napalmbreeze the Slasher (level 3, -1/27 HPs)
             Began as a Human Gladiator on Jan 2, 2019.
             Succumbed to a worker ant's poison
             ... on level 1 of the Dungeon.
             The game lasted 00:01:39 (966 turns).

Napalmbreeze the Slasher (Human Gladiator)           Turns: 966, Time: 00:01:39

Health: -1/27      AC:  4    Str: 15    XL:     3   Next: 77%
Magic:  3/3        EV: 13    Int:  8    God:
Gold:   50         SH:  0    Dex: 14    Spells: 2/2 levels left

rFire    . . .     SeeInvis .   a - +0 long sword
rCold    . . .     Gourm    .   (no shield)
rNeg     . . .     Faith    .   b - +0 leather armour
rPois    .         Spirit   .   c - +0 helmet
rElec    .         Reflect  .   (no cloak)
rCorr    .         Harm     .   (no gloves)
MR       .....                  (no boots)
Stlth    +.........             (no amulet)
HPRegen  0.09/turn              (no ring)
MPRegen  0.08/turn              (no ring)

@: lethally poisoned (-1 -> -17), invisible
A: no striking features
a: no special abilities


You were on level 1 of the Dungeon.
You were not hungry.

You visited 1 branch of the dungeon, and saw 2 of its levels.

You collected 50 gold pieces.

Inventory:

Hand Weapons
 a - a +0 long sword (weapon)
Missiles
 d - 3 throwing nets (quivered)
Armour
 b - a +0 leather armour (worn)
 c - a +0 helmet (worn)
Scrolls
 e - a scroll of teleportation {unknown}
 h - a scroll of fog {unknown}
 i - 2 scrolls of identify {unknown}
Comestibles
 f - 2 rations
 g - 3 chunks of flesh


   Skills:
 + Level 2.3 Fighting
 * Level 3.7 Long Blades
 - Level 2.1 Throwing
 + Level 3.5 Dodging


You had 2 spell levels left.
You didn't know any spells.
Your spell library was empty.

Dungeon Overview and Level Annotations

Branches:
Dungeon (2/15)

Altars:


Message History

You hit the worker ant.
The worker ant is heavily wounded.
You feel sick. The worker ant bites you.
* * * LOW HITPOINT WARNING * * *
The worker ant closely misses you.
You hit the worker ant.
The worker ant is heavily wounded.
* * * LOW HITPOINT WARNING * * *
You feel sick. The worker ant barely misses you.
You barely miss the worker ant.
The worker ant is heavily wounded.
The worker ant bites you.
* * * LOW HITPOINT WARNING * * *
You are more poisoned.
The worker ant poisons you! The worker ant misses you.
You riposte.
You barely miss the worker ant.
The worker ant is heavily wounded.
It was a potion of invisibility.
You fade into invisibility!
You die...

......##.....##..#
#.....##......#..#
#.#....#.#....#..#
..#.####.#.......#
#.#.####.#..##.#.#
.........#..##.#.#
##.......#.^##...#
.#.......#..###.a#
.#.......#...##.@#
.#.......##..###.#####
.'.......##.)#
#.#...######
.#.......#...#
#.#.#......#
.#.......###.#
#.#...####.#
.#######.#######.###.#
#.# ## #.#.......# #.#
#.# #.#.####### #.#
#.# #.#.# #####.####)#


You could see a worker ant.

Vanquished Creatures
  2 leopard geckos (D:1)
  3 ball pythons (D:1)
  6 bats (D:1)
  4 giant cockroaches
  5 goblins (D:1)
  4 hobgoblins
  2 frilled lizards (D:1)
  6 kobolds (D:1)
  3 rats (D:1)
35 creatures vanquished.

Notes
Turn   | Place    | Note
-------+----------+-------------------------------------------
     0 | D:1      | Napalmbreeze the Human Gladiator began the quest for the
                  | Orb.
     0 | D:1      | Reached XP level 1. HP: 16/16 MP: 1/1
    79 | D:1      | Reached XP level 2. HP: 19/22 MP: 2/2
   177 | D:1      | Reached XP level 3. HP: 26/27 MP: 3/3
   965 | D:1      | HP: 1/27 [worker ant (6)]
   966 | D:1      | Succumbed to a worker ant's poison

Vault maps used:
D:1:      psy_arrival_radial01, interstate_on_off
D:2:      hangedman_ru_absence, nicolae_overflow_hidden_temple,
          ashenzari_altar_1, grunt_qazlal_sundering

Action                   || total
-------------------------++-------
Melee: Long sword        ||    89
  Use: Potion            ||     1
 Stab: Sleeping          ||     2
Armor: Leather armour    ||    29
Dodge: Dodged            ||    81
       Rpst.: Long sword ||    21

Table legend:
 A = Non-vault XP
 B = Vault XP
 C = Vault XP percentage of total XP
 D = Non-vault monster count
 E = Vault monster count
 F = Vault count percentage of total count
                 A         B        C        D         E       F
            +---------+---------+-------+---------+---------+-------
      Total |      60 |       0 |   0.0 |      35 |       0 |   0.0
            +---------+---------+-------+---------+---------+-------
        D:1 |      56 |       0 |   0.0 |      33 |       0 |   0.0
        D:2 |       4 |       0 |   0.0 |       2 |       0 |   0.0
            +---------+---------+-------+---------+---------+-------
